 Dungeon Crawl Stone Soup version 0.27.1-33-g824d729ab1 (webtiles) character file.

Game seed: 13796627399749303265

75181 pilgrim the Imperceptible (level 15, -10/80 HPs)
             Began as a Spriggan Enchanter on Dec 8, 2021.
             Was the Champion of Dithmenos.
             Killed from afar by Azrael (48 damage)
             ... with a bolt of fire
             ... on level 14 of the Dungeon on Dec 9, 2021.
             The game lasted 02:51:52 (43139 turns).

pilgrim the Imperceptible (Spriggan Enchanter)     Turns: 43139, Time: 02:51:52

Health: -10/80     AC:  8    Str:  3    XL:     15   Next: 8%
Magic:  25/26      EV: 21    Int: 26    God:    Dithmenos [******]
Gold:   1900       SH:  5    Dex: 20    Spells: 9/28 levels left

rFire    x . .     SeeInvis +   a - +3 quick blade
rCold    + . .     Faith    .   (shield restricted)
rNeg     + . .     Spirit   .   A - +2 robe {rN+}
rPois    .         Reflect  +   y - +2 hat
rElec    +         Harm     .   r - +1 cloak of Card Tricks {rCorr Stlth+}
rCorr    +         Rampage  .   (gloves unavailable)
Will     ++++.                  (boots unavailable) Stlth ******++++
                                n - amulet of reflection
HPRegen  0.23/turn              d - ring "Tuha" {Int+6 Dex+3}
MPRegen  0.20/turn              L - ring of Kivivim {Ice rElec Will++ rCorr Str-3}

@: wreathed by umbra, studying Short Blades, very quick
A: very small, no large weapons, unfitting armour, see invisible, speed 3
a: Renounce Religion, Shadow Step, Shadow Form


You were on level 14 of the Dungeon.
You worshipped Dithmenos.
Dithmenos was exalted by your worship.
You visited 3 branches of the dungeon, and saw 21 of its levels.
You also visited: Sewer, Bailey and Gauntlet.

You collected 2098 gold pieces.
You spent 198 gold pieces at shops.

Inventory:

Hand Weapons
 a - a +3 quick blade (weapon)
Missiles
 t - 13 throwing nets
 u - 103 poisoned darts (quivered)
 D - 4 datura-tipped darts
Armour
 p - the +1 robe of Floral Contentment {rElec}
   (You found it on level 2 of the Lair of Beasts)

   rElec:     It insulates you from electricity.
 r - the +1 cloak of Card Tricks (worn) {rCorr Stlth+}
   (You acquired it on level 7 of the Dungeon)

   rCorr:     It protects you from acid and corrosion.
   Stlth:     It makes you more stealthy.
 y - a +2 hat (worn)
 A - a +2 robe of positive energy (worn)
 F - a +0 buckler
 O - a +0 troll leather armour
 U - a +0 robe of willpower
Jewellery
 d - the ring "Tuha" (left hand) {Int+6 Dex+3}
   (You found it on level 7 of the Dungeon)

   [ring of intelligence]

   Int:       It affects your intelligence (+6).
   Dex:       It affects your dexterity (+3).
 n - an amulet of reflection (around neck)
 K - a ring of wizardry
 L - the ring of Kivivim (right hand) {Ice rElec Will++ rCorr Str-3}
   (You found it on level 11 of the Dungeon)

   [ring of ice]

   It enhances your ice magic.
   Str:       It affects your strength (-3).
   rF:        It makes you vulnerable to fire.
   rC:        It protects you from cold.
   rElec:     It insulates you from electricity.
   rCorr:     It protects you from acid and corrosion.
   Will:      It greatly increases your willpower.
 M - a ring of positive energy
 N - a +4 ring of protection
 Q - an amulet of guardian spirit
 W - a ring of magical power
 X - an amulet of magic regeneration
Wands
 i - a wand of acid (13)
 o - a wand of mindburst (14)
 x - a wand of polymorph (26)
 I - a wand of iceblast (14)
 T - a wand of digging (4)
Scrolls
 f - 3 scrolls of enchant armour
 h - 3 scrolls of summoning
 j - 3 scrolls of immolation
 k - 5 scrolls of vulnerability
 l - a scroll of blinking
 s - a scroll of fog
 v - a scroll of fear
 C - a scroll of holy word {unknown}
 E - 7 scrolls of teleportation
 J - a scroll of enchant weapon {unknown}
 P - a scroll of magic mapping
 R - a scroll of amnesia {unknown}
 V - a scroll of identify
Potions
 b - 4 potions of haste
 c - 2 potions of mutation
 e - a potion of magic
 g - 4 potions of might
 m - 2 potions of brilliance
 q - 2 potions of berserk rage
 w - 9 potions of curing
 z - 2 potions of cancellation
 B - 2 potions of resistance
 H - 4 potions of attraction
 S - a potion of flight
Miscellaneous
 G - a lightning rod (4/4)


   Skills:
 - Level 10.0 Fighting
 - Level 10.0 Short Blades
 + Level 5.6 Dodging
 - Level 22.0 Stealth
 - Level 7.2 Shields
 - Level 7.0 Spellcasting
 + Level 0.7 Conjurations
 + Level 14.6 Hexes
 - Level 5.0 Ice Magic


You had 9 spell levels left.
You knew the following spells:

 Your Spells              Type           Power      Damage    Failure   Level
a - Corona                Hex            78%        N/A       0%          1
b - Ensorcelled Hibernat  Hex/Ice        100%       N/A       1%          2
c - Confusing Touch       Hex            71%        N/A       1%          3
d - Tukima's Dance        Hex            71%        N/A       1%          3
e - Dazzling Flash        Conj/Hex       98%        N/A       1%          3
f - Cause Fear            Hex            35%        N/A       1%          4
g - Ozocubu's Armour      Ice            51%        N/A       2%          3

Your spell library contained the following spells:

 Spells                   Type           Power      Damage    Failure   Level
 Freeze                   Ice            100%       1d11      1%          1
 Slow                     Hex            71%        N/A       1%          2
 Inner Flame              Hex/Fire       47%        N/A       1%          3
 Frozen Ramparts          Ice            100%       1d12      2%          3
 Fulminant Prism          Conj/Hex       24%        3d13      2%          4
 Metabolic Englaciation   Hex/Ice        37%        N/A       3%          5
 Magic Dart               Conj           52%        1d5       4%          1
 Foxfire                  Conj/Fire      44%        2x1d6     5%          1
 Pain                     Necr           36%        1d5       6%          1
 Sandblast                Erth           18%        2d7       6%          1
 Searing Ray              Conj           26%        3d4       7%          2
 Static Discharge         Conj/Air       11%        N/A       9%          2
 Call Imp                 Summ           9%         N/A       10%         2
 Corpse Rot               Necr/Air       N/A        N/A       10%         2
 Passwall                 Tmut/Erth      7%         N/A       10%         2
 Poisonous Vapours        Pois/Air       18%        N/A       10%         2
 Stone Arrow              Conj/Erth      22%        3d8       16%         3
 Mephitic Cloud           Conj/Pois/Air  10%        N/A       17%         3
 Vampiric Draining        Necr           4%         2d6       19%         3
 Hailstorm                Conj/Ice       36%        3d9       19%         4
 Ice Form                 Ice/Tmut       33%        N/A       22%         4
 Iskenderun's Mystic Bla  Conj/Tloc      11%        2d4       47%         4
 Sticky Flame             Conj/Fire      11%        2d3       47%         4
 Animate Armour           Summ/Erth      18%        N/A       52%         4
 Freezing Cloud           Conj/Ice/Air   14%        6-21      61%         5
 Discord                  Hex            35%        N/A       71%         8
 Irradiate                Conj/Tmut      5%         3d15      83%         5
 Lightning Bolt           Conj/Air       5%         1d17      83%         5
 Agony                    Necr           9%         N/A       86%         5
 Blade Hands              Tmut           4%         N/A       86%         5
 Excruciating Wounds      Necr           4%         N/A       86%         5
 Lee's Rapid Deconstruct  Erth           4%         3d6*      86%         5
 Simulacrum               Ice/Necr       16%        N/A       98%         6
 Starburst                Conj/Fire      5%         6d4       100%        6
 Dragon Form              Tmut           4%         N/A       100%        7
 Lehudib's Crystal Spear  Conj/Erth      5%         10d3      100%        8
 Maxwell's Capacitive Co  Air            4%         ∞         100%        8


Dungeon Overview and Level Annotations

Branches:
Dungeon (14/15)            Temple (1/1) D:6            Lair (6/6) D:9
 Shoals (0/4) Lair:2        Snake (0/4) Lair:3        Slime (0/5) Lair:5
    Orc (0/2) D:9           Sewer (visited)          Bailey (visited)
Gauntlet (visited)
 Vaults: D:13-14

Altars:
Ashenzari
Cheibriados
Dithmenos
Elyvilon
Fedhas
Gozag
Hepliaklqana
Kikubaaqudgha
Makhleb
Nemelex Xobeh
Okawaru
Qazlal
Ru
Sif Muna
Trog
Uskayaw
Vehumet
Wu Jian
Xom
Yredelemnul
Zin
The Shining One
Beogh
Jiyva

Shops:
D:9 [   D:10 *

Annotations:
D:3 Book of short blades in gnoll fortress!
D:7 - moth of wrath guarding art ring, othur's ghost, novice MiFi
D:9 exclusion: statue
D:14 Azrael
Lair:2 exclusion: 3 oklob plants


Innate Abilities, Weirdness & Mutations

You are very small and have problems with some larger weapons.
You are too small for most types of armour.
You have supernaturally acute eyesight. (SInv)
You cover ground extremely quickly. (Speed+++)


Message History

Things that are here:
2 large rocks; a cyclops corpse You see here 18 stones.
You open the door.
Found a lumpy filigree amulet.
There is an open door here.
You now have 1900 gold pieces (gained 22).
X - an amulet of magic regeneration
There is an open door here.
There is an open door here.
A hell hound comes into view.
Casting: Ensorcelled Hibernation (safe; 1% risk of failure)
Confirm with . or Enter, or press ? or * to list all spells.
Aiming: Ensorcelled Hibernation (safe; 1% risk of failure)
Press: ? - help, Shift-Dir - straight line, f - Azrael
Aim: Azrael, wielding a +0 scimitar of flaming (umbra, chance to affect: 55%)
You feel a surge of power!
Azrael looks drowsy...
Your shadow mimicks your spell!
Azrael is unaffected.
The helpless hell hound fails to defend itself.
You spit the hell hound like a pig!!!!!
You kill the hell hound!
Dithmenos accepts your kill.
The hell hound barks! x2
Azrael closely misses you.
You hit Azrael.
Azrael is lightly wounded.
Your shadow hits Azrael but does no damage.
The hell hound breathes flames at you.
The blast of flame hits the fire elemental.
The fire elemental completely resists.
The blast of flame misses you. Azrael gestures at you.
The fireball explodes!
The fireball engulfs you!! The fire burns you terribly!
The hell hound breathes flames at you. The blast of flame hits you!
The fire burns you terribly! Azrael gestures at you.
The bolt of fire hits the hell hound.
The hell hound completely resists.
The bolt of fire hits you!!! The fire burns you terribly!
Ouch! That really hurt!
You die...

##.#....#...# #.# ...#....#...#
#.# ...#....#...#####.#
...#....'.........#
...#.####.........#
####.#.......###################*
.....#.......#..................,
.....#.......#.......h..........,
.....#.....#.'..@....E..........,
.....#.....#.#.......h°.........,
.....#.......#.......h.○°...°...,
.....#.......#........R○...°....,
.....#.......#..................,
.....#.......#.......########...,
######.......####'#####********#*
#########'#####.......#....#,,,,,
..)...........#)......#....#..***


You could see Azrael, a fire elemental and 3 hell hounds.

Vanquished Creatures
  A great orb of eyes (D:13)
  3 hydras
  4 boulder beetles
  A catoblepas (D:13)
  6 two-headed ogres
  2 tengu warriors
  Urug (Lair:6)
  Sonja (Lair:5)
  3 skeletal warriors
  A wizard (D:13)
  An orc knight (D:13)
  4 deep elf pyromancers
  2 lindwurms
  Pikel (D:6)
  2 manticores
  13 elephants
  6 cyclopes
  2 ugly things
  Maurice (D:8)
  3 merfolk sirens (Lair:2)
  12 black mambas
  Maggie (D:6)
  2 gargoyles
  2 torpor snails
  11 cane toads
  5 rime drakes
  7 komodo dragons
  An efreet (D:14)
  A freezing wraith (D:14)
  An unseen horror (D:13)
  A tengu conjurer (D:14)
  7 polar bears
  3 trolls
  5 hornets
  A merfolk (Lair:2)
  Prince Ribbit (D:8)
  2 meliai zombies (D:11)
  14 slime creatures
  22 blink frogs
  2 centaur simulacra
  17 dream sheep
  2 wraiths
  A water elemental (D:11)
  25 yaks
  13 spriggans
  3 vampires
  7 wyverns
  4 basilisks
  2 vampire mosquitoes (D:13)
  23 water moccasins
  A hell hound (D:14)
  Duvessa (D:5)
  2 ice beasts
  10 black bears
  5 orc warriors
  A sky beast (D:8)
  A necrophage (D:5)
  The ghost of alasdair19 the Covered, an amateur MiFi (D:3)
  4 centaurs
  5 boggarts (Lair:6)
  2 ogres
  29 wolves
  A lemure (D:6)
  2 kobold brigands
  10 bullfrogs
  12 gnoll sergeants
  2 scorpions (D:9)
  Dowan (D:5)
  5 killer bees
  4 wights (D:8)
  10 electric eels
  3 howler monkeys (D:8)
  4 centaur zombies
  3 bullfrog zombies
  7 hounds
  8 gnoll shamans
  8 orc priests
  3 jellies (D:5)
  4 iguanas
  12 orc wizards
  8 hell rats
  A killer bee zombie (D:8)
  7 adders
  55 gnolls
  2 river rats (D:3)
  A shadow imp (D:7)
  A white imp (D:6)
  2 dart slugs (D:3)
  38 orcs
  6 bats
  9 endoplasms
  3 giant cockroaches
  8 goblins
  5 hobgoblins
  4 jackals (D:3)
  2 quokkas
  13 ball pythons
  A frilled lizard (D:2)
  15 kobolds
  6 rats
  A spectral kobold (D:9)
605 creatures vanquished.

Vanquished Creatures (others)
  81 fungi
  118 plants
199 creatures vanquished.

Grand Total: 804 creatures vanquished

Notes
Turn   | Place    | Note
-------+----------+-------------------------------------------
     0 | D:1      | pilgrim the Spriggan Enchanter began the quest for the Orb.
     0 | D:1      | Reached XP level 1. HP: 9/9 MP: 5/5
   166 | D:1      | Reached skill level 1 in Fighting
   439 | D:1      | Reached XP level 2. HP: 11/14 MP: 3/6
   459 | D:1      | Learned a level 2 spell: Ensorcelled Hibernation
  1006 | D:1      | Found a faded altar of an unknown god.
  1405 | D:1      | Reached XP level 3. HP: 18/18 MP: 8/8
  2471 | D:2      | Reached skill level 5 in Stealth
  2833 | D:2      | Reached XP level 4. HP: 23/23 MP: 6/9
  3304 | D:3      | Found a glowing drain.
  3464 | Sewer    | Entered a sewer
  3715 | Sewer    | Reached skill level 5 in Hexes
  4771 | D:3      | Reached skill level 1 in Ice Magic
  4771 | D:3      | Reached XP level 5. HP: 27/27 MP: 10/10
  5412 | D:3      | Found a transporter.
  5412 | D:3      | Found a transporter.
  5804 | D:3      | Noticed alasdair19's ghost (amateur MiFi)
  5997 | D:4      | Noticed an ogre
  6534 | D:4      | Found a blossoming altar of Fedhas.
  6554 | D:4      | Noticed a black bear
  6574 | D:4      | Reached XP level 6. HP: 32/32 MP: 6/11
  6792 | D:4      | Reached skill level 6 in Stealth
  8132 | D:4      | Reached skill level 7 in Stealth
  8132 | D:4      | Reached XP level 7. HP: 36/36 MP: 12/12
  8241 | D:5      | Entered Level 5 of the Dungeon
  8599 | D:4      | Learned a level 3 spell: Confusing Touch
  8657 | D:5      | Reached skill level 8 in Stealth
  9074 | D:5      | Reached skill level 9 in Stealth
  9661 | D:4      | Reached XP level 8. HP: 40/40 MP: 9/13
  9742 | D:5      | Reached skill level 10 in Stealth
 10288 | D:5      | Noticed Duvessa
 10486 | D:4      | Found a blossoming altar of Fedhas.
 11344 | D:3      | HP: 2/40 [poisoned by alasdair19's ghost]
 11369 | D:3      | Killed alasdair19's ghost
 11729 | D:5      | Noticed Dowan
 12218 | D:6      | Reached skill level 10 in Hexes
 12652 | D:6      | Reached skill level 5 in Short Blades
 12652 | D:6      | Reached XP level 9. HP: 44/44 MP: 7/14
 12798 | D:6      | Found a staircase to the Ecumenical Temple.
 12808 | Temple   | Entered the Ecumenical Temple
 12875 | Temple   | Became a worshipper of Dithmenos the Shadowed
 12928 | D:6      | Noticed a gargoyle
 13209 | D:6      | Noticed Pikel
 13237 | D:6      | Killed Pikel
 13330 | D:6      | Noticed Maggie
 13577 | D:6      | Killed Maggie
 13582 | D:6      | Learned a level 3 spell: Tukima's Dance
 13586 | D:6      | Learned a level 3 spell: Dazzling Flash
 13640 | D:6      | Killed a gargoyle
 13656 | D:6      | Found a burning altar of Makhleb.
 13656 | D:6      | Noticed a blizzard demon
 13879 | D:6      | Reached skill level 11 in Stealth
 14267 | D:7      | Found a bloodstained altar of Trog.
 14362 | D:7      | Got the Catalogue of the Eleven Coins
 14575 | D:7      | Found a transporter.
 14602 | D:7      | Noticed othur's ghost (novice MiFi)
 14607 | D:7      | Noticed a moth of wrath
 14619 | D:7      | Found a transporter.
 15128 | D:7      | Identified 2 scrolls of acquirement
 15128 | D:7      | Acquired a book of Hexes
 15130 | D:7      | Acquired the +1 cloak of Card Tricks {rCorr Stlth+}
 15164 | D:7      | Identified the ring "Tuha" {Int+6 Dex+3}
 15304 | D:8      | Noticed Prince Ribbit
 15304 | D:8      | Found an iron altar of Okawaru.
 15376 | D:8      | Reached * piety under Dithmenos
 15411 | D:8      | Reached skill level 5 in Spellcasting
 15741 | D:8      | Reached skill level 10 in Short Blades
 15824 | D:8      | Reached skill level 12 in Stealth
 15904 | D:8      | Reached XP level 10. HP: 49/49 MP: 13/19
 16213 | D:8      | Noticed Maurice
 16275 | D:8      | Killed Maurice
 16602 | D:8      | Killed Prince Ribbit
 16603 | D:8      | Reached skill level 13 in Stealth
 16652 | D:9      | Found a snail-covered altar of Cheibriados.
 16885 | D:9      | Reached skill level 1 in Shields
 16935 | D:9      | Found a staircase to the Lair.
 17008 | D:9      | Found Vailez's Armour Shop.
 17036 | D:9      | Reached ** piety under Dithmenos
 17458 | D:9      | Found an opulent altar of Gozag.
 17582 | D:9      | Noticed a deep elf pyromancer
 17590 | D:9      | Killed a deep elf pyromancer
 17639 | D:9      | Found a staircase to the Orcish Mines.
 17749 | D:9      | Learned a level 4 spell: Cause Fear
 17859 | D:9      | Found a shimmering altar of Xom.
 17957 | D:9      | Found a glowing silver altar of Zin.
 17958 | D:9      | Found a white marble altar of Elyvilon.
 17960 | D:9      | Found a glowing golden altar of the Shining One.
 18204 | D:9      | Found a hazy altar of Hepliaklqana.
 18245 | D:9      | Found a radiant altar of Vehumet.
 18309 | D:10     | Entered Level 10 of the Dungeon
 18313 | D:10     | Reached skill level 5 in Shields
 18318 | D:10     | Noticed a two-headed ogre
 18325 | D:10     | Killed a two-headed ogre
 18326 | D:10     | Reached XP level 11. HP: 52/52 MP: 21/21
 18395 | D:10     | Found a hide-covered altar of Uskayaw.
 18468 | D:10     | Found a flagged portal.
 18475 | Bailey   | Entered a bailey
 18648 | Bailey   | Reached *** piety under Dithmenos
 19626 | D:10     | Noticed a two-headed ogre
 19637 | D:10     | Killed a two-headed ogre
 19764 | D:10     | Found Pini Uku's CLEARANCE SALE! EVERYTHING MUST GO!.
 19818 | D:10     | Reached skill level 14 in Stealth
 20000 | D:10     | Bought a ring of wizardry for 180 gold pieces
 20000 | D:10     | Bought a potion of curing for 18 gold pieces
 20351 | D:5      | Killed Dowan
 20366 | D:5      | Killed Duvessa
 20752 | D:11     | Noticed a skeletal warrior
 20752 | D:11     | Noticed a skeletal warrior
 20752 | D:11     | Noticed a skeletal warrior
 20752 | D:11     | Noticed a skeletal warrior
 20753 | D:11     | Killed a skeletal warrior
 21208 | D:10     | Reached skill level 15 in Stealth
 21550 | D:10     | Killed a skeletal warrior
 21832 | D:10     | Killed a skeletal warrior
 22529 | D:11     | Noticed a two-headed ogre
 22536 | D:11     | Killed a two-headed ogre
 22537 | D:11     | Reached skill level 16 in Stealth
 22546 | D:11     | Noticed a two-headed ogre
 22553 | D:11     | Killed a two-headed ogre
 22584 | D:11     | Noticed a boulder beetle
 22601 | D:11     | Killed a boulder beetle
 22602 | D:11     | Reached XP level 12. HP: 46/58 MP: 15/22
 22830 | D:11     | Reached **** piety under Dithmenos
 22954 | D:11     | Identified the ring of Kivivim {Ice rElec Will++ rCorr
                  | Str-3}
 23532 | D:11     | Reached skill level 17 in Stealth
 23953 | Lair:1   | Entered Level 1 of the Lair of Beasts
 23953 | Lair:1   | Found a gate leading to a gauntlet.
 24019 | Gauntlet | Entered a Gauntlet
 24019 | Gauntlet | Found a transporter.
 24019 | Gauntlet | Found a transporter.
 24029 | Gauntlet | Noticed a catoblepas
 24031 | Gauntlet | Found a transporter.
 24049 | Gauntlet | Found a transporter.
 24049 | Gauntlet | Found a transporter.
 24051 | Gauntlet | Found a transporter.
 24051 | Gauntlet | Found a transporter.
 24052 | Gauntlet | Found a transporter.
 24053 | Gauntlet | Noticed a five-headed hydra
 24065 | Gauntlet | Found a transporter.
 24081 | Gauntlet | Found a transporter.
 24088 | Gauntlet | Noticed a cacodemon
 24090 | Gauntlet | Found a transporter.
 24094 | Gauntlet | Found a runed translucent door.
 24108 | Gauntlet | Found a transporter.
 24125 | Gauntlet | Found a transporter.
 24137 | Gauntlet | Found a transporter.
 24548 | Lair:1   | Reached skill level 18 in Stealth
 25364 | Lair:1   | Reached skill level 19 in Stealth
 26534 | Lair:1   | Reached skill level 20 in Stealth
 26631 | Lair:1   | Reached ***** piety under Dithmenos
 27008 | Lair:1   | Reached skill level 5 in Fighting
 27295 | Lair:1   | Acquired a +3 quick blade
 27667 | Lair:2   | Found a staircase to the Shoals.
 27808 | Lair:1   | Reached XP level 13. HP: 24/65 MP: 20/23
 28862 | Lair:2   | Learned a level 3 spell: Ozocubu's Armour
 30045 | Lair:2   | Identified the +1 robe of Floral Contentment {rElec}
 31322 | Lair:3   | Found a staircase to the Snake Pit.
 32750 | Lair:5   | Noticed Sonja
 33273 | Lair:5   | Found a viscous altar of Jiyva.
 33273 | Lair:5   | Found a staircase to the Slime Pits.
 33343 | Lair:5   | Killed Sonja
 33367 | Lair:5   | Reached skill level 21 in Stealth
 33637 | Lair:5   | Identified the +6 hand axe "Quqom" {flame, Int+5}
 34293 | Lair:6   | Entered Level 6 of the Lair of Beasts
 34482 | Lair:6   | Noticed Urug
 34893 | Lair:6   | Reached XP level 14. HP: 61/75 MP: 6/25
 35111 | Lair:6   | Killed Urug
 36383 | Lair:6   | Reached skill level 22 in Stealth
 37447 | Lair:6   | Reached ****** piety under Dithmenos
 38230 | D:12     | Reached skill level 5 in Ice Magic
 38584 | D:12     | Found an ancient bone altar of Kikubaaqudgha.
 40328 | D:13     | Reached skill level 10 in Fighting
 40516 | D:13     | You fall into a shaft and drop 1 floor!
 40546 | D:14     | Noticed Azrael
 41136 | D:13     | Reached skill level 5 in Dodging
 41535 | D:13     | Reached XP level 15. HP: 27/80 MP: 19/26
 43139 | D:14     | Killed from afar by Azrael

Illustrated notes

Levels and vault maps discovered:
D:1:      onia_arrival_mini_maze, layout_basic,
          shapermc_ecumenical_altar_acropolis, minmay_misc_feat_cross
D:2:      layout_loops_ring
D:3:      layout_rooms, gammafunk_ghost_gnarly_gnolls, portal_sewer_entry_c,
          patterned_corridor
D:4:      layout_cave_pools, fedhas_altar_2, serial_bayou,
          serial_bayou_crossing, serial_bayou_lake_a, serial_bayou_pond_c,
          serial_bayou_pond_d, serial_bayou_lagoon_b, serial_bayou_pond_c
D:5:      layout_basic, uniq_duvessa
D:6:      layout_basic, makhleb_altar_promises_db, minmay_temple_entry_glass,
          grunt_ministairs_3, uniq_pikel, uniq_maggie
D:7:      layout_basic, old_standard_altar, gammafunk_ghost_berserking_beasts
D:8:      layout_basic, okawaru_metal_pillars_1_2, fountainhead,
          uniq_prince_ribbit1, uniq_maurice
D:9:      layout_basic, good_gods_temple_1, mainiacjoe_overflow_six_doors_small,
          nicolae_hepliaklqana_monster_ancestors, vehumet_statue,
          nicolae_overflow_hidden_temple, cheibriados_altar_1,
          due_lair_maze_entry_diamond, minmay_orc_entry_temple_small,
          serial_shops, nicolae_lakefront_shop
D:10:     layout_basic, lemuel_tele_altar, enter_bailey_2, serial_bayou_ford_a,
          nicolae_shop_clearance
D:11:     layout_basic, nrook_pool_corridor, grunt_ministairs_13
D:12:     layout_basic, nicolae_kikubaaqudgha_miasma_corner
D:13:     kennysheep_windowed_halls, layout_irregular_city
D:14:     layout_stronghold, david_vaults_5, ebering_ghost_inner_flame,
          uniq_azrael
Temple:   dpeg_three_leaves_temple
Lair:1:   layout_hall_layers, gauntlet_entry_generic, beast_lair_carwin_5,
          serial_bayou_shore_b, serial_bayou_shore_b, wad_woods_river_01
Lair:2:   layout_chaotic_city, elwin_shoals_entry_stream, grunt_megastairs_4,
          minmay_lair_oklob_chamber
Lair:3:   layout_cave_pods, minmay_snake_entry_six_corridors,
          grunt_megastairs_1, lemuel_fruit_fields
Lair:4:   layout_roguey
Lair:5:   layout_regular_city, slime_altar_1, serial_bayou_shore_b,
          serial_bayou_shore_b, infiniplex_staircase_pool, uniq_sonja
Lair:6:   minmay_lair_end_enchanted_forest, layout_loops_ring,
          lemuel_fruit_tree, grunt_megastairs_5, uniq_urug

Skill      XL: |  1  2  3  4  5  6  7  8  9 10 11 12 13 14 |
---------------+-------------------------------------------+-----
Fighting       | 1 2 3 4 6 9 10 | 10.0
Hexes          | 4 5 6 7 10 11 14 | 14.6
Stealth        | 5 7 9 10 12 13 16 20 21 22 | 22.0
Short Blades   | 2 5 10 | 10.0
Ice Magic      | 1 2 3 5 |  5.0
Spellcasting   | 3 5 6 7 |  7.0
Shields        | 5 7 |  7.2
Dodging        | 5 |  5.6
Conjurations   | |  0.7

Action                   |  1- 3 |  4- 6 |  7- 9 | 10-12 | 13-15 || total
-------------------------+-------+-------+-------+-------+-------++-------
Melee: Dagger            |    72 |   224 |   323 |   465 |       ||  1084
       Quick blade       |       |       |       |    32 |   587 ||   619
Throw: Dart              |       |       |     5 |    31 |    15 ||    51
 Cast: Corona            |    14 |     6 |     4 |     3 |     7 ||    34
       Ensorcelled Hiber |    10 |    46 |    90 |   167 |   238 ||   551
       Confusing Touch   |       |       |    16 |    31 |    38 ||    85
       Dazzling Flash    |       |       |       |    14 |    14 ||    28
       Cause Fear        |       |       |       |     3 |     1 ||     4
       Ozocubu's Armour  |       |       |       |       |     7 ||     7
Evoke: Wand              |       |       |       |       |     1 ||     1
  Use: Scroll            |     1 |     2 |     9 |     9 |     7 ||    28
       Potion            |       |       |     6 |     4 |       ||    10
 Stab: Sleeping          |    19 |    30 |    73 |   131 |   176 ||   429
       Distracted        |       |     1 |     2 |     3 |     1 ||     7
       Confused          |       |       |    16 |    33 |    37 ||    86
       Invisible         |       |       |       |    16 |    25 ||    41
       Petrified         |       |       |       |       |     2 ||     2
Armor: Robe              |     7 |    33 |    21 |    55 |    57 ||   173
Dodge: Dodged            |    62 |   132 |   120 |   207 |   211 ||   732
Block: Other             |       |    24 |    49 |    47 |    59 ||   179
       Reflection        |       |       |     1 |     2 |       ||     3
